 Dungeon Crawl Stone Soup version 0.29-a0-648-g6b26cc9f40 (webtiles) character file.

Game seed: 12820556148785643230

2370 happo123 the Zephyrmancer (level 9, -3/51 (52) HPs)
             Began as a Tengu Air Elementalist on June 21, 2022.
             Was a Follower of Vehumet.
             Slain by a necrophage (6 damage)
             ... on level 7 of the Dungeon.
             The game lasted 00:51:24 (7375 turns).

happo123 the Zephyrmancer (Tengu Air Elementalist)  Turns: 7375, Time: 00:51:25

HP:   -3/51 (52)    AC:  8    Str:  9    XL:     9   Next: 45%
MP:   25/25         EV: 14    Int: 25    God:    Vehumet [*.....]
Gold: 390           SH:  0    Dex: 14    Spells: 6/16 levels left

rFire   + . .      SeeInvis .   l - +1 dagger (vamp)
rCold   . . .      Faith    .   (no shield)
rNeg    . . .      Spirit   .   v - +2 ring mail of the Cursing Gods {Int+5}
rPois   +          Reflect  .   (helmet restricted)
rElec   .          Harm     .   (no cloak)
rCorr   .          Rampage  .   k - +0 pair of gloves
Will    .....                   (boots unavailable)
Stlth   ++........              (no amulet)
HPRegen 0.17/turn               q - ring of magical power
MPRegen 0.19/turn               (no ring)

@: flying quickly and evasively, lightly drained, quick
A: beak, talons 3, nimble flight, fire resistance 1, poison resistance
a: Renounce Religion


You were on level 7 of the Dungeon.
You worshipped Vehumet.
Vehumet was aware of your devotion.
You visited 2 branches of the dungeon, and saw 8 of its levels.

You collected 390 gold pieces.

Inventory:

Hand Weapons
 g - a +1 vorpal hand axe
 l - a +1 vampiric dagger (weapon)
 s - a +2 vampiric war axe
Armour
 a - a +0 robe
 e - a +0 kite shield
 k - a +0 pair of gloves (worn)
 t - a +0 leather armour
 v - the +2 ring mail of the Cursing Gods (worn) {Int+5}
   (You found it on level 4 of the Dungeon)

   Int:       It affects your intelligence (+5).
Magical Staves
 i - a staff of cold
 y - a staff of fire
Jewellery
 q - a ring of magical power (left hand)
Wands
 A - a wand of flame (22)
Scrolls
 c - a scroll of identify
 d - 4 scrolls of enchant armour
 h - a scroll of poison {unknown}
 n - a scroll of noise {unknown}
 o - a scroll of amnesia {unknown}
 p - 5 scrolls of teleportation
 w - a scroll of blinking {unknown}
 x - 2 scrolls of enchant weapon
 B - a scroll of fog {unknown}
Potions
 b - a potion of magic
 f - 5 potions of degeneration
 j - a potion of mutation
 m - 2 potions of flight {unknown}
 r - a potion of ambrosia {unknown}
 u - 2 potions of attraction {unknown}
 z - a potion of brilliance {unknown}


   Skills:
 + Level 3.9 Fighting
 + Level 5.2 Dodging
 + Level 5.0 Stealth
 + Level 4.2 Spellcasting
 * Level 8.2 Conjurations
 * Level 9.0 Air Magic
 + Level 0.8 Earth Magic


You had 6 spell levels left.
You knew the following spells:

 Your Spells              Type           Power      Damage    Failure   Level
a - Shock                 Conj/Air       100%       1d9       1%          1
b - Static Discharge      Conj/Air       48%        N/A       1%          2
c - Swiftness             Air            50%        N/A       1%          3
d - Airstrike             Air            25%        N/A       6%          4

Your spell library contained the following spells:

 Spells                   Type           Power      Damage    Failure   Level
 Freeze                   Ice            20%        1d4       26%         1
 Poisonous Vapours        Pois/Air       56%        N/A       6%          2
 Stone Arrow              Conj/Erth      56%        3d10      12%         3
 Sting                    Tmut/Pois      20%        1d4       26%         1
 Corpse Rot               Necr/Pois/Air  20%        N/A       56%         4
 Animate Armour           Summ/Erth      14%        N/A       90%         4
 Ice Form                 Ice/Tmut       5%         N/A       94%         4
 Alistair's Intoxication  Tmut/Pois      3%         N/A       100%        5
 Summon Cactus Giant      Summ           2%         N/A       100%        6
 Lehudib's Crystal Spear  Conj/Erth      14%        10d5      100%        8


Dungeon Overview and Level Annotations

Branches:
Dungeon (7/15)             Temple (1/1) D:4

Altars:
Ashenzari
Dithmenos
Elyvilon
Fedhas
Gozag
Hepliaklqana
Kikubaaqudgha
Nemelex Xobeh
Okawaru
Qazlal
Ru
Sif Muna
Trog
Uskayaw
Vehumet
Wu Jian
Xom
Yredelemnul
Zin

Shops:
D:5 *   D:6 =

Annotations:
D:7 Joseph


Innate Abilities, Weirdness & Mutations

You have a beak for a mouth.
You have claws for feet.
Your magical nature lets you fly swiftly and evasively.
Your flesh is heat resistant. (rF+)
Your system is resistant to poisons. (rPois)


Message History

Your punch misses something. Something hits you but does no damage.
You miss something. Your kick misses something. Your peck misses something.
Something hits you. Something shocks you.
You miss something. Your kick misses something. Something hits you.
Something shocks you.
You hit something but do no damage. Something barely misses you.
You hit something.
You feel better.
You claw something. Your peck misses something.
Something completely misses you.
You barely miss something. Your kick misses something.
Something completely misses you.
You miss something. Something hits you but does no damage.
You hit something but do no damage. Something hits you but does no damage.
You barely miss something. Your kick misses something.
Something hits you but does no damage.
You closely miss something. Your kick misses something. Something hits you.
Something shocks you.
You hit something but do no damage. You claw something.
Your peck misses something. Something hits you. Something shocks you.
* * * LOW HITPOINT WARNING * * *
You hit something.
You feel better.
A sky beast appears from thin air!
Reactivating autopickup.
The sky beast completely misses you.
You hit the sky beast but do no damage. Your kick misses the sky beast.
You peck the sky beast.
The sky beast is almost dead.
The sky beast hits you.
* * * LOW HITPOINT WARNING * * *
The sky beast shocks you.
* * * LOW HITPOINT WARNING * * *
You hit the sky beast.
You feel better.
You kill the sky beast!
Vehumet accepts your kill.
You hit the necrophage but do no damage.
Your kick misses the necrophage. The necrophage hits you.
* * * LOW HITPOINT WARNING * * *
You feel drained.
* * * LOW HITPOINT WARNING * * *
There is a stone staircase leading up here.
The necrophage hits you.
You die...

...............>..<......# .#
.............###.#.......#..#
.........).....#.#.......#..#
.##########..#.#.#..#......#
n{....# #....#.#.#.......#.#
.####.###....#.#.#.....#.#.# .#
#))##....#.#.##.##.#.#.# .#
##.###..##.#.##...<#.#.# .# #)#
#......@.######.#.## ##
#.###..####n.#.........#
######.n##..†.....#.#####)..###
#.......###.##<...#.#.#≈≈...≈≈#.#
#........##.#######.#.#≈..♣..≈#.#
#........##.# #.........r.r..(#
########..#.# #.#.#...♣._.♣...#
##.#Y# #.#.##.........## #.#§#
#.#...#≈..♣..≈##


You could see a necrophage.

Vanquished Creatures
  2 steam dragons
  3 ice beasts
  2 sky beasts
  2 black bears (D:5)
  2 ogres
  A phantom (D:5)
  3 necrophages (D:6)
  A scorpion (D:4)
  A gnoll sergeant (D:5)
  5 wights
  3 killer bees (D:7)
  The ghost of equiv the Skirmisher, a weakling DgWr (D:3)
  A jelly (D:6)
  5 hounds
  A gnoll shaman (D:7)
  2 iguanas (D:5)
  An orc wizard (D:7)
  7 gnolls
  6 adders
  2 white imps
  2 ufetubi
  2 worms (D:4)
  2 dart slugs
  19 orcs
  3 bats
  6 endoplasms
  5 giant cockroaches
  6 goblins
  9 hobgoblins
  4 jackals (D:2)
  6 quokkas
  5 ball pythons
  3 frilled lizards
  5 kobolds
  A rat (D:1)
129 creatures vanquished.

Vanquished Creatures (others)
  18 plants (D:6)
18 creatures vanquished.

Grand Total: 147 creatures vanquished

Notes
Turn   | Place    | Note
-------+----------+-------------------------------------------
     0 | D:1      | happo123 the Tengu Air Elementalist began the quest for the
                  | Orb.
     0 | D:1      | Reached XP level 1. HP: 10/10 MP: 4/4
   165 | D:1      | Reached XP level 2. HP: 15/15 MP: 3/6
   168 | D:1      | Learned a level 2 spell: Static Discharge
   895 | D:2      | Found a faded altar of an unknown god.
   899 | D:2      | Reached XP level 3. HP: 12/20 MP: 3/7
  1647 | D:2      | Reached XP level 4. HP: 24/24 MP: 6/8
  1653 | D:2      | Learned a level 3 spell: Swiftness
  2277 | D:3      | Reached skill level 5 in Air Magic
  2285 | D:3      | Found a transporter.
  2285 | D:3      | Noticed equiv's ghost (weakling DgWr)
  2286 | D:3      | Found a transporter.
  2546 | D:3      | Reached skill level 1 in Fighting
  2870 | D:4      | Gained mutation: Your magical nature lets you fly swiftly
                  | and evasively. [Tengu growth]
  2870 | D:4      | Reached XP level 5. HP: 29/29 MP: 9/9
  2929 | D:4      | You are sucked into a shaft and drop 2 floors!
  3027 | D:6      | Found an ornate altar of the Wu Jian Council.
  3051 | D:6      | Noticed an ogre
  3070 | D:6      | Killed an ogre
  3086 | D:6      | Reached XP level 6. HP: 10/34 MP: 2/10
  3193 | D:6      | Learned a level 4 spell: Airstrike
  3248 | D:5      | Entered Level 5 of the Dungeon
  3327 | D:5      | Found a sacrificial altar of Ru.
  3357 | D:5      | Reached skill level 6 in Air Magic
  3515 | D:5      | Reached skill level 5 in Conjurations
  3515 | D:5      | Reached XP level 7. HP: 33/40 MP: 11/12
  3647 | D:5      | Got the Compendium of Unstable Illusion
  3800 | D:4      | Found a staircase to the Ecumenical Temple.
  3809 | Temple   | Entered the Ecumenical Temple
  4491 | D:4      | Identified the +2 ring mail of the Cursing Gods {Int+5}
  4733 | D:5      | Reached skill level 7 in Air Magic
  4733 | D:5      | Reached XP level 8. HP: 45/45 MP: 13/13
  5165 | D:5      | Found Fonlol's CLEARANCE SALE!.
  5335 | D:6      | Found a radiant altar of Vehumet.
  5341 | D:6      | Became a worshipper of Vehumet
  5365 | D:6      | Found Orast's Jewellery Shop.
  5396 | D:6      | Found a blossoming altar of Fedhas.
  5591 | D:6      | Found a bloodstained altar of Trog.
  5682 | D:6      | Found a faded altar of an unknown god.
  5682 | D:6      | Found a shimmering blue altar of Sif Muna.
  5699 | D:6      | Found a hazy altar of Hepliaklqana.
  5701 | D:6      | Found a faded altar of an unknown god.
  5703 | D:6      | Found a broken altar of Ashenzari.
  5961 | D:6      | Reached skill level 8 in Air Magic
  6135 | D:3      | Killed equiv's ghost
  6321 | D:6      | Gained mutation: You are frail. (-10% HP) [potion of
                  | mutation]
  6322 | D:6      | Lost mutation: You are frail. (-10% HP) [potion of
                  | mutation]
  6322 | D:6      | Gained mutation: You sometimes lose the ability to read
                  | scrolls when taking damage. [potion of mutation]
  6323 | D:6      | Lost mutation: You sometimes lose the ability to read
                  | scrolls when taking damage. [potion of mutation]
  6323 | D:6      | Gained mutation: You are dopey. (Int -2) [potion of
                  | mutation]
  6323 | D:6      | Lost mutation: You are dopey. (Int -2) [potion of mutation]
  6323 | D:6      | Gained mutation: Your flesh is heat resistant. (rF+)
                  | [potion of mutation]
  6323 | D:6      | Gained mutation: Your system is resistant to poisons.
                  | (rPois) [potion of mutation]
  6497 | D:7      | Reached XP level 9. HP: 42/51 MP: 12/16
  6501 | D:7      | Found a white marble altar of Elyvilon.
  6616 | D:7      | Reached skill level 5 in Dodging
  6712 | D:7      | Noticed Joseph
  6742 | D:7      | Reached * piety under Vehumet
  6742 | D:7      | Offered knowledge of Freeze by Vehumet.
  6998 | D:7      | Reached skill level 5 in Stealth
  6998 | D:7      | Reached skill level 9 in Air Magic
  7042 | D:7      | HP: 1/52 [something (5)]
  7375 | D:7      | Slain by a necrophage

Illustrated notes

Levels and vault maps discovered:
D:1:      matt_arrival_grand_opening, layout_basic, grunt_decor_mini_mirrors
D:2:      layout_loops_ring, dreamdust_ecumenical_altar_statues
D:3:      layout_loops_ring, gammafunk_ghost_arena, minmay_surrounded
D:4:      layout_basic, minmay_temple_entry_arrows
D:5:      layout_layer_cave, nicolae_ru_sacrificial_ziggurat, hex_medium,
          nicolae_shop_clearance
D:6:      layout_loops_ring, chequers_temple_overflow_minitemple,
          mainiacjoe_overflow_concentric_impassable,
          mainiacjoe_overflow_catch_the_wave, mainiacjoe_overflow_alcove_2,
          nicolae_stop_n_shop_1, minmay_misc_feat_rows,
          nicolae_figureground_pulse
D:7:      layout_basic, elyvilon_altar_4, mainiacjoe_overflow_surrounded_room,
          minmay_the_grid_2x2 [minmay_the_grid_embedded, minmay_the_grid_box_x,
          minmay_the_grid_holed_spiral, minmay_the_grid_prize_four_corners],
          uniq_joseph
Temple:   cyrus_temple_forest

Skill      XL: |  1  2  3  4  5  6  7  8  9 |
---------------+----------------------------+-----
Conjurations   | 2 3 4 5 6 7 8 |  8.2
Air Magic      | 5 6 7 8 9 |  9.0
Fighting       | 1 2 3 |  3.9
Dodging        | 3 4 5 |  5.2
Stealth        | 3 4 5 |  5.0
Spellcasting   | 3 4 |  4.2
Earth Magic    | |  0.8

Action                   |  1- 3 |  4- 6 |  7- 9 || total
-------------------------+-------+-------+-------++-------
Melee: Dagger            |    12 |     9 |    51 ||    72
       Peck              |     3 |     2 |     4 ||     9
       Kick              |       |     1 |    11 ||    12
       Punch             |       |       |     1 ||     1
 Cast: Shock             |    46 |    75 |    86 ||   207
       Static Discharge  |     4 |     9 |    24 ||    37
       Airstrike         |       |     1 |    16 ||    17
  Use: Scroll            |       |       |     5 ||     5
       Potion            |       |       |     3 ||     3
 Stab: Sleeping          |     1 |     3 |     4 ||     8
Armor: Robe              |     9 |     3 |     1 ||    13
       Leather armour    |       |       |     1 ||     1
       Ring mail         |       |       |    35 ||    35
Dodge: Dodged            |    16 |    28 |    40 ||    84

Table legend: (Time is in decaauts)
 A = Elapsed time spent in this place.
 B = Non-inter-level travel time spent in this place.
 C = Inter-level travel time spent in this place.
 D = Time resting spent in this place.
 E = Time spent auto-exploring this place.
 F = Levels seen in this place.
 G = Mean time per level.
                   A        B        C        D        E       F      G
               +--------+--------+--------+--------+--------+-----+--------+
         Total |   7043 |   4704 |   2339 |   1018 |   2038 |   8 |  880.4 |
       Dungeon |   6956 |   4673 |   2283 |   1018 |   2009 |   7 |  993.7 |
        Temple |     87 |     32 |     55 |      0 |     28 |   1 |   87.0 |
               +--------+--------+--------+--------+--------+-----+--------+

Top non-repeatable levels by time:
     D:6: 1422 daAuts
     D:5: 1184 daAuts
     D:2: 983 daAuts
     D:3: 956 daAuts
     D:1: 897 daAuts
     D:4: 886 daAuts
     D:7: 626 daAuts
  Temple: 87 daAuts
